 Dungeon Crawl Stone Soup version 0.25.0-9-g26727b657a (webtiles) character file.

Game seed: 9234255860468526407

18173 Dani the Cleaver (level 12, -4/95 HPs)
             Began as a Formicid Conjurer on June 21, 2020.
             Was a High Priest of Okawaru.
             Slain by an elephant (15 damage)
             ... on level 3 of the Lair of Beasts.
             The game lasted 00:58:02 (16031 turns).

Dani the Cleaver (Formicid Conjurer)               Turns: 16031, Time: 00:58:03

Health: -4/95      AC: 14    Str: 18    XL:     12   Next: 91%
Magic:  13/15      EV: 16    Int: 15    God:    Okawaru [*****.]
Gold:   731        SH:  8    Dex: 11    Spells: 14/15 levels left

rFire    . . .     SeeInvis +   a - +4 war axe (vamp)
rCold    + . .     Gourm    .   G - +2 buckler
rNeg     . . .     Faith    +   H - +0 steam dragon scales
rPois    +         Spirit   .   (helmet unavailable)
rElec    .         Reflect  .   (no cloak)
rCorr    .         Harm     .   C - +2 pair of gloves
MR       +....                  u - +1 pair of boots
Stlth    +++.......             M - amulet of faith
HPRegen  0.25/turn              t - ring of poison resistance
MPRegen  0.14/turn              P - ring of protection from cold

@: heroism, invisible
A: permanent stasis, dig shafts and tunnels, four strong arms, antennae 3
a: Dig, Shaft Self, Heroism, Finesse, Renounce Religion


You were on level 3 of the Lair of Beasts.
You worshipped Okawaru.
Okawaru was extremely pleased with you.
You were hungry.

You visited 3 branches of the dungeon, and saw 16 of its levels.
You also visited: Sewer and Ossuary.

You collected 731 gold pieces.

Inventory:

Hand Weapons
 a - a +4 vampiric war axe (weapon)
 b - the +10 fustibalus of Kasucel {freeze, rF+ Str-2 Stlth+}
   (You found it on level 6 of the Dungeon)

   It causes projectiles fired from it to freeze those they strike, causing
   extra injury to most foes and up to half again as much damage against
   particularly susceptible opponents.
   They can also slow down cold-blooded creatures.
   It affects your strength (-2).
   It protects you from fire.
   It makes you more stealthy.
 p - a +1 mace of venom
 x - a +1 war axe of flaming
 J - a +1 vampiric trident
Missiles
 g - 138 stones (quivered)
 i - 30 sling bullets
Armour
 e - a +2 plate armour of fire resistance
 r - a +0 troll leather armour
 u - a +1 pair of boots (worn)
 v - the +2 leather armour of Futuristic Leaves {rElec rN+ Dex+7 Stlth+}
   (You found it in a sewer)

   It affects your dexterity (+7).
   It insulates you from electricity.
   It protects you from negative energy.
   It makes you more stealthy.
 y - a +0 chain mail
 z - a +0 scale mail
 C - a +2 pair of gloves (worn)
 G - a +2 buckler (worn)
 H - +0 steam dragon scales (worn)
Jewellery
 l - an uncursed ring of resist corrosion
 t - a ring of poison resistance (left hand)
 M - an amulet of faith (around neck)
 P - a ring of protection from cold (right hand)
Wands
 j - a wand of iceblast (2)
 q - a wand of acid (7)
 L - a wand of clouds (3)
 O - a wand of enslavement (7)
 Q - a wand of digging (8)
 R - a wand of flame (25)
Scrolls
 f - a scroll of enchant weapon
 k - 2 scrolls of enchant armour
 n - 2 scrolls of magic mapping
 w - 2 scrolls of fear
 F - 4 scrolls of identify
 N - 6 scrolls of remove curse
 T - 2 scrolls of fog
Potions
 d - a potion of cancellation
 h - 3 potions of berserk rage
 m - 9 potions of flight
 o - 2 potions of lignification
 s - 4 potions of curing
 A - 3 potions of brilliance
 B - a potion of invisibility
 D - 2 potions of stabbing
 I - a potion of resistance
 K - 2 potions of mutation {unknown}
Miscellaneous
 E - a phantom mirror
Comestibles
 c - 22 rations


   Skills:
 + Level 9.1(14.1) Fighting
 - Level 10.5(17.0) Axes
 - Level 9.6(16.5) Maces & Flails
 + Level 4.1(9.1) Slings
 + Level 8.3(13.3) Armour
 + Level 3.9(8.9) Dodging
 - Level 2.4(7.4) Stealth
 + Level 5.2(10.2) Shields
 - Level 2.1 Spellcasting
 - Level 3.6 Conjurations
 - Level 4.0 Invocations
 - Level 5.0 Evocations


You had 14 spell levels left.
You knew the following spells:

 Your Spells              Type           Power        Failure   Level  Hunger
a - Magic Dart            Conj           ##..         4%          1    #......

Your spell library contained the following spells:

 Spells                   Type           Power        Failure   Level  Hunger
 Searing Ray              Conj           ##....       8%          2    ###....
 Dazzling Flash           Conj/Hex       #.....       30%         3    ###....
 Static Discharge         Conj/Air       #.......     30%         3    ###....
 Confusing Touch          Hex            #.......     54%         3    ###....
 Gell's Gravitas          Tloc           #.........   54%         3    ###....
 Fulminant Prism          Conj/Hex       #.........   71%         4    #####..
 Iskenderun's Mystic Bla  Conj/Tloc      #.......     71%         4    #####..
 Petrify                  Tmut/Erth      #.......     91%         4    #####..
 Lightning Bolt           Conj/Air       #.........   96%         5    ######.
 Metabolic Englaciation   Hex/Ice        #.........   99%         5    ######.
 Yara's Violent Unravell  Hex/Tmut       #.........   99%         5    ######.
 Ignition                 Fire           #.........   100%        8    #######
 Shatter                  Erth           #.........   100%        9    #######
 Tornado                  Air            #.........   100%        9    #######


Dungeon Overview and Level Annotations

Branches:
Dungeon (11/15)            Temple (1/1) D:7            Lair (4/6) D:11
  Swamp (0/4) Lair:2          Orc (0/2) D:11          Sewer (visited)
Ossuary (visited)
  Snake: Lair:2-4    Spider: Lair:2-4

Altars:
Ashenzari
Cheibriados
Dithmenos
Elyvilon
Fedhas
Gozag
Hepliaklqana
Kikubaaqudgha
Makhleb
Nemelex Xobeh
Okawaru
Qazlal
Ru
Sif Muna
Trog
Uskayaw
Vehumet
Wu Jian
Xom
Yredelemnul
Zin
The Shining One

Annotations:
D:10 exclusions: ice statue and orange crystal statue
D:11 exclusion: upstairs


Innate Abilities, Weirdness & Mutations

You cannot be hasted, slowed, berserked, paralysed or teleported.
You can dig through walls and to a lower floor.
Your four strong arms can wield two-handed weapons with a shield.
You have a pair of large antennae on your head. (SInv)


Message History

The blink frog blinks!
There is a stone staircase leading up here.
The blink frog misses you. You block the blink frog's attack.
The blink frog hits you.
* * * LOW HITPOINT WARNING * * *
The elephant closely misses you. You block the elephant's attack.
You climb upwards.
There is a stone staircase leading down here.
You block the blink frog's attack.
You see here a leather armour.
You gain the combat prowess of a mighty hero.
The blink frog hits you!
* * * LOW HITPOINT WARNING * * *
You block the blink frog's attack.
The elephant tramples you but does no damage.
The elephant misses you.
You fade into invisibility!
The blink frog completely misses you. You block the blink frog's attack. x2
The elephant tramples you!
You die...

##........#
#......#
##........#
##......#
#P........#
#.......P
#........)##
#P.......
##.........#
##......#
##........##
#........
#P.........#
#........
#..........#
##......#
##.....F@.##
##......#
##.....YF..##
#.......P
#.........#.#
#.......#
##.........##
##......#
#.........##
#.......#
#..........#
##......#
#.........##
#......#
##........#
#.......
#.........#
#....<.#


You could see an elephant and 2 blink frogs.

Vanquished Creatures
  Erolcha (D:10)
  2 death yaks (Lair:3)
  3 black mambas
  Maggie (D:10)
  4 spiny frogs
  4 komodo dragons
  2 rime drakes
  A troll (D:10)
  6 blink frogs
  3 hippogriffs
  13 yaks
  A basilisk (Lair:2)
  A warg (D:11)
  A soldier ant (D:10)
  Menkaure (Ossuary)
  3 water moccasins
  15 porcupines
  3 orc warriors
  A hornet zombie (D:8)
  2 ice beasts
  2 black bears
  2 sky beasts
  3 phantoms
  4 wolves (Lair:2)
  2 necrophages (D:10)
  6 ogres
  8 crocodiles
  A big kobold (D:9)
  10 bullfrogs
  3 scorpions
  7 wights
  3 howler monkeys
  A crimson imp (D:7)
  2 bullfrog zombies
  4 jellies
  3 centaur zombies
  5 hounds
  2 orc priests
  9 orc wizards
  Terence (D:2)
  3 centaur skeletons
  5 worker ants
  3 ogre zombies (Ossuary)
  2 big kobold zombies (Ossuary)
  2 hound zombies
  A howler monkey zombie (D:7)
  6 mummies (Ossuary)
  A worker ant zombie (D:5)
  6 gnolls
  7 adders
  A shadow imp (D:10)
  An adder skeleton (D:5)
  4 adder zombies (Ossuary)
  3 worms
  3 dart slugs
  5 leopard geckos
  35 orcs
  7 giant cockroaches
  8 goblins
  5 hobgoblins
  4 jackals
  14 kobolds
  3 quokkas
  A ball python (D:4)
  14 bats
  4 frilled lizards
  4 goblin zombies (Ossuary)
  3 hobgoblin zombies (Ossuary)
  7 kobold zombies (Ossuary)
  3 quokka zombies (Ossuary)
  9 rats
  2 rat zombies (Ossuary)
  6 fungi (D:11)
328 creatures vanquished.

Vanquished Creatures (others)
  Maurice (D:9)
  2 fungi (D:11)
  A plant (Lair:4)
4 creatures vanquished.

Grand Total: 332 creatures vanquished

Notes
Turn   | Place    | Note
-------+----------+-------------------------------------------
     0 | D:1      | Dani the Formicid Conjurer began the quest for the Orb.
     0 | D:1      | Reached XP level 1. HP: 13/13 MP: 3/3
    92 | D:1      | Reached skill level 1 in Fighting
   571 | D:1      | Reached XP level 2. HP: 21/21 MP: 3/5
   753 | D:1      | Found a glowing golden altar of the Shining One.
   794 | D:1      | Became a worshipper of the Shining One
  1271 | D:1      | Reached skill level 1 in Maces & Flails
  1464 | D:2      | Reached XP level 3. HP: 27/27 MP: 0/6
  1723 | D:2      | Noticed Terence
  2075 | D:2      | Found a hide-covered altar of Uskayaw.
  2407 | D:2      | Reached XP level 4. HP: 27/34 MP: 7/7
  2749 | D:3      | Found a shattered altar of Ashenzari.
  2768 | D:2      | Killed Terence
  2768 | D:2      | Reached XP level 5. HP: 30/41 MP: 8/8
  2873 | D:3      | Found a glowing golden altar of the Shining One.
  2940 | D:3      | Found a glowing drain.
  2945 | Sewer    | Entered a sewer
  2974 | Sewer    | Noticed a crocodile
  2984 | Sewer    | Killed a crocodile
  2994 | Sewer    | Got a jewelled leather armour
  3256 | D:3      | Reached XP level 6. HP: 39/47 MP: 9/9
  3812 | D:4      | Reached * piety under the Shining One
  3876 | D:4      | Noticed an ogre
  4178 | D:4      | Killed an ogre
  4178 | D:4      | Reached skill level 1 in Evocations
  4316 | D:4      | Noticed an ogre
  4319 | D:4      | Killed an ogre
  4319 | D:4      | Reached skill level 5 in Maces & Flails
  4319 | D:4      | Reached XP level 7. HP: 55/55 MP: 10/10
  4561 | D:4      | Found a bloodstained altar of Trog.
  4750 | D:5      | Entered Level 5 of the Dungeon
  4805 | D:5      | Reached skill level 5 in Fighting
  4805 | D:5      | Reached XP level 8. HP: 62/62 MP: 11/11
  5325 | D:5      | Reached skill level 1 in Shields
  5944 | D:6      | Reached XP level 9. HP: 69/69 MP: 12/12
  5973 | D:6      | Found an ornate altar of the Wu Jian Council.
  6103 | D:6      | Found a sacrificial altar of Ru.
  6121 | D:6      | Found a sparkling altar of Nemelex Xobeh.
  6181 | D:6      | Found an ancient bone altar of Kikubaaqudgha.
  6211 | D:6      | Got an ichor-stained fustibalus
  6876 | D:7      | Reached ** piety under the Shining One
  6912 | D:7      | Found a staircase to the Ecumenical Temple.
  6931 | Temple   | Entered the Ecumenical Temple
  7499 | D:7      | Found a basalt altar of Yredelemnul.
  7702 | D:8      | Reached skill level 1 in Axes
  7733 | D:8      | Found a burning altar of Makhleb.
  7733 | D:8      | Noticed a blizzard demon
  7788 | D:8      | Found a glowing silver altar of Zin.
  7801 | D:8      | Reached skill level 2 in Axes
  7839 | D:8      | Found an iron altar of Okawaru.
  7840 | D:8      | Found a white marble altar of Elyvilon.
  7846 | D:8      | Fell from the grace of the Shining One
  7846 | D:8      | Became a worshipper of Warmaster Okawaru
  7917 | D:8      | Found a sand-covered staircase.
  7923 | Ossuary  | Entered an ossuary
  8037 | Ossuary  | Reached XP level 10. HP: 80/80 MP: 13/13
  8074 | Ossuary  | Noticed Menkaure
  8083 | Ossuary  | Killed Menkaure
  8083 | Ossuary  | Reached skill level 3 in Axes
  8314 | Ossuary  | Reached skill level 4 in Axes
  8570 | D:8      | Reached * piety under Okawaru
  8731 | D:8      | Reached skill level 1 in Armour
  9263 | D:9      | Reached skill level 5 in Axes
  9373 | D:9      | Noticed Maurice
  9389 | D:9      | Identified the +10 fustibalus of Kasucel {freeze, rF+ Str-2
                  | Stlth+} (You found it on level 6 of the Dungeon)
  9391 | D:9      | Killed Maurice
  9955 | D:9      | Reached skill level 6 in Axes
 10177 | D:10     | Entered Level 10 of the Dungeon
 10245 | D:10     | Noticed Erolcha
 10333 | D:11     | Reached ** piety under Okawaru
 10371 | D:11     | Reached skill level 7 in Axes
 10372 | D:11     | Found a staircase to the Lair.
 10388 | D:11     | HP: 3/80 [porcupine's spines (12)]
 10576 | D:11     | Identified the +2 leather armour of Futuristic Leaves
                  | {rElec rN+ Dex+7 Stlth+} (You found it in a sewer)
 10624 | D:11     | Reached *** piety under Okawaru
 10683 | D:11     | Reached XP level 11. HP: 77/86 MP: 14/14
 11019 | D:11     | Reached skill level 8 in Axes
 11019 | D:11     | Reached skill level 5 in Armour
 11133 | D:11     | Found a staircase to the Orcish Mines.
 11444 | D:10     | Killed Erolcha
 11444 | D:10     | Reached skill level 9 in Axes
 11652 | D:10     | Noticed an orange crystal statue
 11688 | D:10     | Noticed Maggie
 11702 | D:10     | Killed Maggie
 11748 | D:10     | Reached **** piety under Okawaru
 11801 | Lair:1   | Entered Level 1 of the Lair of Beasts
 12254 | Lair:1   | Reached ***** piety under Okawaru
 12254 | Lair:1   | Reached skill level 10 in Axes
 12338 | Lair:1   | Received a gift from Okawaru
 12579 | Lair:1   | Identified the +1 leather armour "Jeikh" {MR- Str+6} (You
                  | found it on level 1 of the Lair of Beasts)
 12789 | Lair:1   | Reached skill level 1 in Invocations
 12848 | Lair:1   | Reached skill level 1 in Slings
 13330 | Lair:2   | Reached XP level 12. HP: 92/92 MP: 15/15
 13750 | Lair:2   | Found a staircase to the Swamp.
 14355 | Lair:2   | Found a glowing golden altar of the Shining One.
 14520 | Lair:3   | Received a gift from Okawaru
 15131 | Lair:3   | Received a gift from Okawaru
 15160 | Lair:3   | Identified the +5 hunting sling of the Wilderness {flame,
                  | rC+} (Okawaru gifted it to you on level 3 of the Lair of
                  | Beasts)
 15623 | Lair:4   | Noticed a death yak
 15623 | Lair:4   | Noticed a death yak
 15623 | Lair:4   | Noticed a death yak
 15624 | Lair:4   | Noticed a death yak
 15625 | Lair:4   | Noticed a death yak
 15638 | Lair:3   | Killed a death yak
 15722 | Lair:3   | Killed a death yak
 15722 | Lair:3   | Reached skill level 5 in Evocations
 15770 | Lair:4   | Reached skill level 5 in Shields
 15870 | Lair:4   | Received a gift from Okawaru
 15873 | Lair:4   | Identified the +0 scale mail of Complete Protection {Harm
                  | Stlth+} (Okawaru gifted it to you on level 4 of the Lair of
                  | Beasts)
 16031 | Lair:3   | Slain by an elephant

Illustrated notes

Levels and vault maps discovered:
D:1:      elethiomel_arrival_shortcut, layout_loops_corners,
          columned_hall_lemuel, hex_medium, tso_metal_star
D:2:      minmay_razor_zed, layout_rooms, eat_drink_and_be_merry_uskayaw,
          uniq_terence
D:3:      layout_basic, nicolae_overflow_crystal_walls, first_ration,
          portal_sewer_entry_e, cheibrodos_ashenzari_chains
D:4:      layout_cave_pools, kennysheep_mini_moat, serial_forest,
          infiniplex_forest_straight_2, infiniplex_forest_lined_ring,
          infiniplex_forest_straight_5, infiniplex_forest_join,
          infiniplex_forest_zigzag_1, infiniplex_forest_clump_tiny,
          infiniplex_forest_lined_corner
D:5:      layout_loops_ring, minmay_misc_feat_five, minmay_misc_feat_iff,
          minmay_misc_feat_diagonals
D:6:      layout_layer_cave, lemuel_round_altar,
          nicolae_ru_great_annihilating_truth, grunt_temple_overflow_open,
          serial_glass, glass_columns_c, glass_columns_a,
          minmay_strange_pillars, feat_on_display, due_unseen_surprise,
          item_on_display_b
D:7:      layout_cave_pools, kennysheep_mini, minmay_temple_entry_tees,
          grunt_ogre_cave
D:8:      layout_basic, lemuel_crystal_altar, gammafunk_temple_overflow_pools,
          makhleb_altar_promises_db, nicolae_ossuary_entry_plus, nicolae_sextant
D:9:      cheibrodos_helix_gallery, layout_basic, serial_glass, glass_columns_c,
          glass_columns_a, hangedman_decor_opposing, uniq_maurice
D:10:     minmay_separated_statues, layout_basic, uniq_maggie, uniq_erolcha
D:11:     layout_basic, due_lair_maze_entry_diamond, david_orc_3
Temple:   kb_temple_of_zot
Lair:1:   layout_chaotic_city, grunt_megastairs_3
Lair:2:   layout_regular_city, swamp_mist, basic_altar, serial_bayou_shore_a
Lair:3:   layout_big_grid, chequers_serial_rivers_room_a, grunt_megastairs_2
Lair:4:   layout_concentric_octagons, guppyfry_snake_entry_garden,
          lemuel_old_faithful

Skill      XL: |  1  2  3  4  5  6  7  8  9 10 11 12 |
---------------+-------------------------------------+-----
Fighting       | 1 2 3 4 5 6 7 8 9 |  9.1
Maces & Flails | 1 2 3 5 6 7 9 |  9.6
Evocations     | 1 3 5 |  5.0
Shields        | 2 3 5 |  5.2
Axes           | 2 7 10 | 10.5
Armour         | 4 7 8 |  8.3
Dodging        | 2 3 |  3.9
Invocations    | 1 4 |  4.0
Slings         | 1 4 |  4.1
Stealth        | |  2.4
Spellcasting   | |  2.1
Conjurations   | |  3.6

Action                   |  1- 3 |  4- 6 |  7- 9 | 10-12 || total
-------------------------+-------+-------+-------+-------++-------
Melee: Unarmed           |     6 |       |       |       ||     6
       Club              |    33 |       |       |       ||    33
       Mace              |    36 |   110 |   260 |       ||   406
       War axe           |       |       |    32 |   537 ||   569
 Fire: Fustibalus        |       |       |       |   137 ||   137
Throw: Throwing net      |       |       |       |     1 ||     1
 Cast: Magic Dart        |    59 |       |       |       ||    59
Invok: Heroism           |       |       |       |     3 ||     3
Evoke: Wand              |       |     5 |    10 |     5 ||    20
  Use: Scroll            |       |    10 |     6 |    18 ||    34
       Potion            |       |       |       |     9 ||     9
 Stab: Sleeping          |       |       |       |     7 ||     7
       Held in net/web   |       |       |       |     1 ||     1
  Eat: Chunk             |     6 |     6 |     8 |    19 ||    39
       Ration            |       |       |     1 |     2 ||     3
Armor: Robe              |     3 |       |       |       ||     3
       Ring mail         |    56 |    58 |    42 |       ||   156
       Scale mail        |       |       |    54 |    77 ||   131
       Leather armour    |       |       |       |    19 ||    19
       Steam dragon scal |       |       |       |    54 ||    54
       Skin              |       |       |       |     1 ||     1
Dodge: Dodged            |    72 |    84 |    93 |   256 ||   505
Block: Buckler           |       |       |    47 |   153 ||   200
